AoeStats
← Omnitrix01

Arabia

505766448Analyzed
1v1 RM · 21d ago on Sep 11, 2026· 43m 43s· 2 players
Game mode
Random Map
Map size
Tiny (2 player)
Population
200
Speed
Normal
Resources
Standard
Victory
Conquest
Starting age
Dark Age
Ending age
Imperial Age
RankedLock teamsTeams togetherTeam positionsShared explorationLock speedFull tech treeHidden civsTurbo modeCheats
Victory
Defeat
🇬🇧 Mongols · United Kingdom
1046
+16
🇨🇦 Lithuanians · Canada
1037
-16
Stagefright
6:16 Loom
8:55 Feudal Age
10:34 Double-Bit Axe
19:16 Wheelbarrow
19:15 Fletching
20:11 Padded Archer Armor
23:34 Castle Age
21:43 Gold Mining
21:37 Horse Collar
22:50 Scale Barding Armor
22:59 Bloodlines
23:54 Forging
27:03 Bow Saw
28:23 Pikeman
29:33 Scale Mail Armor
31:59 Chain Barding Armor
33:42 Husbandry
36:26 Chain Mail Armor
37:11 Heavy Plow
38:17 Town Watch
37:58 Elite Skirmisher
Omnitrix01
0:28 Loom
8:54 Feudal Age
10:29 Double-Bit Axe
15:31 Town Watch
18:12 Fletching
18:56 Horse Collar
20:37 Wheelbarrow
19:57 Gold Mining
27:23 Castle Age
27:35 Forging
27:31 Scale Barding Armor
27:43 Bloodlines
30:10 Husbandry
30:41 Hand Cart
32:12 Crossbowman
33:56 Bow Saw
34:52 Padded Archer Armor
35:19 Stone Mining
37:48 Thumb Ring
39:21 Bodkin Arrow
40:38 Leather Archer Armor
41:45 Light Cavalry
43:03 Nomads
Connection lost

Rejoining the realm…

Still unreachable

The connection could not be restored.

Session expired

The server has moved on; the page needs a fresh start.